 Dungeon Crawl Stone Soup version 0.29.0-10-g45618ea6d2 (webtiles) character file.

Game seed: 13968998531802158147

368 ProzacElf the Slasher (level 6, -1/46 HPs)
             Began as a Vampire Chaos Knight on Sept 1, 2022.
             Was a Plaything of Xom.
             Succumbed to a water moccasin's poison
             ... on level 3 of the Dungeon.
             The game lasted 00:05:44 (2585 turns).

ProzacElf the Slasher (Vampire Chaos Knight)        Turns: 2585, Time: 00:05:45

Health: -1/46      AC:  5    Str: 11    XL:     6   Next: 41%
Magic:  6/6        EV: 13    Int: 15    God:    Xom [...*..]
Gold:   150        SH:  0    Dex: 15    Spells: 5/5 levels left

rFire   . . .      SeeInvis +   a - +0 falchion (chaos)
rCold   . . .      Faith    .   (no shield)
rNeg    . . .      Spirit   .   x - +2 leather armour
rPois   .          Reflect  .   (no helmet)
rElec   .          Harm     .   (no cloak)
rCorr   .          Rampage  .   (no gloves)
Will    .....                   (no boots)
Stlth   +.........              (no amulet)
HPRegen 0.35/turn               (no ring)
MPRegen 0.10/turn               (no ring)

@: mighty, lethally poisoned (-1 -> -14), healing quickly, invisible
A: alive, fangs 3, see invisible, vampiric 2
a: Exsanguinate, Renounce Religion


You were on level 3 of the Dungeon.
You worshipped Xom.
You were a favourite toy of Xom.
You visited 1 branch of the dungeon, and saw 4 of its levels.

You collected 150 gold pieces.

Inventory:

Hand Weapons
 a - a +0 falchion of chaos (weapon)
 b - the +5 sling "Ozxuziar" {vorpal, Int+7}
   (You found it on level 3 of the Dungeon)

   Any ammunition fired from it inflicts extra damage upon your enemies.
   Int:       It affects your intelligence (+7).
 v - a +1 hand axe of flaming
Missiles
 t - a poisoned dart
 u - 3 atropa-tipped darts
Armour
 s - a +0 scale mail
 w - a +2 robe of cold resistance
 x - a +2 leather armour (worn)
Wands
 e - a wand of roots (7)
 m - a wand of mindburst (22)
Scrolls
 d - 5 scrolls of identify {unknown}
 g - 3 scrolls of summoning {unknown}
 i - a scroll of teleportation {unknown}
 j - a scroll of amnesia {unknown}
 k - 2 scrolls of butterflies {unknown}
 l - a scroll of fear {unknown}
 y - a scroll of vulnerability {unknown}
Potions
 f - a potion of curing {unknown}
 h - 3 potions of lignification {unknown}
 n - a potion of heal wounds {unknown}
 o - a potion of degeneration {unknown}
 p - 2 potions of attraction {unknown}
 r - a potion of mutation {unknown}
Miscellaneous
 c - a piece from Xom's chessboard (15/15) (quivered)


   Skills:
 - Level 2.6 Fighting
 + Level 6.0 Long Blades
 - Level 0.7 Armour
 - Level 5.0 Dodging


You had 5 spell levels left.
You didn't know any spells.
Your spell library was empty.

Dungeon Overview and Level Annotations

Branches:
Dungeon (4/15)
 Temple: D:4-7

Altars:
Cheibriados
Okawaru
Xom


Innate Abilities, Weirdness & Mutations

Your natural rate of healing is accelerated.
You have razor-sharp teeth.
You have supernaturally acute eyesight. (SInv)
You are afflicted with vampirism and can become a bat while bloodless.


Message History

Thar be a stone staircase leadin' up, spatt'red wit' blood 'ere.
Ye take 14 damage, an' haf 23/46 hp.
MASSIVE DAMAGE!!
Tha water moccasin bites ye but does nay damage.
Tha orc closely misses ye. x2
Tha orc priest miscasts a cantrip.
Tha gnoll closely misses ye.
Tha water moccasin bites ye but does nay damage.
Ye climb upwards.
Thar be a stone staircase leadin' down 'ere.
Yer +0 falchion o' chaos be briefly surrounded by a scintillatin' aura o' random colours.
a - a +0 falchion o' chaos (weapon)
Xom smiles on ye.
Ye fade inta invisibility!
Ye miss tha water moccasin.
Tha water moccasin misses ye.
Tha orc hits ye but does nay damage.
Tha water moccasin bites ye!
Ye take 8 damage, an' haf 16/46 hp.
Ye catch tha helpless water moccasin completely off-guard!
Ye hit tha water moccasin but do nay damage.
Tha orc closely misses ye.
Tha water moccasin bites ye.
* * * LOW HITPOINT WARNIN'
* * * Ye be leth'lly poison'd!
Tha water moccasin poisons ye!
Ye take 4 damage, an' haf 12/46 hp.
Ye hit tha water moccasin.
Tha water moccasin be lightly wounded.
* * * LOW HITPOINT WARNIN'
* * * Ye feel very sick.
Tha water moccasin bites ye.
* * * LOW HITPOINT WARNIN'
* * * Tha orc closely misses ye.
Tha orc priest invokes tha aid o' Beogh against ye.
Tha orc barely resists.
Tha orc misses ye.
Tha orc shouts!
Ye take 9 damage, an' haf 3/46 hp.
Ye be too injured ta fight recklessly!
It was a potion o' might.
Ye feel very mighty all o' a sudd'n.
Xom thinks 'tis be hilarious!
Ye die...
Xom roars wit' laughter!

########
#......##############
'......'..._..oo@Sg.#
#......#########o##.#
.......# #.##.#
.......# #.##.#
.......# #.##.#####
.......# #.##.#...#
.......#######
#.##.#.#.#
.............#
#.##.#.#.#
.####........#
#.##.#.#.#


You could see a water moccasin (unable to see you), an orc priest (unable to see
you), a gnoll (unable to see you) and 2 orcs.

Vanquished Creatures
  Grinder (D:3)
  A hound (D:4)
  An iguana (D:3)
  Terence (D:3)
  An adder (D:2)
  A worm (D:2)
  3 dart slugs
  An orc (D:4)
  7 bats
  7 endoplasms
  3 giant cockroaches
  7 goblins
  5 hobgoblins
  8 kobolds
  3 quokkas
  7 ball pythons
  4 frilled lizards
  5 rats
66 creatures vanquished.

Vanquished Creatures (others)
  2 plants (D:2)
2 creatures vanquished.

Grand Total: 68 creatures vanquished

Notes
Turn   | Place    | Note
-------+----------+-------------------------------------------
     0 | D:1      | ProzacElf the Vampire Chaos Knight began the quest for the
                  | Orb.
     0 | D:1      | Reached XP level 1. HP: 17/17 MP: 1/1
    65 | D:1      | Reached XP level 2. HP: 23/23 MP: 2/2
   501 | D:1      | Gained mutation: You are afflicted with vampirism and can
                  | become a bat while bloodless. [Vampire growth]
   501 | D:1      | Reached XP level 3. HP: 26/28 MP: 3/3
   526 | D:1      | XOM: noise
   684 | D:2      | XOM: enchant monster (good)
   946 | D:2      | XOM: 2-stop teleportation journey
   975 | D:2      | XOM: 5-stop teleportation journey
  1132 | D:2      | Reached skill level 4 in Long Blades
  1285 | D:2      | XOM: summons 3 hostile shadow creatures
  1349 | D:2      | Found a faded altar of an unknown god.
  1407 | D:2      | XOM: summons 2 hostile demons
  1658 | D:3      | Reached XP level 4. HP: 34/34 MP: 4/4
  1771 | D:3      | Noticed Terence
  1782 | D:3      | Killed Terence
  1880 | D:3      | Found an iron altar of Okawaru.
  1994 | D:3      | Found a snail-covered altar of Cheibriados.
  2076 | D:3      | XOM: 2-stop teleportation journey
  2102 | D:3      | XOM: 1-stop teleportation journey
  2154 | D:3      | Noticed Grinder
  2158 | D:3      | Killed Grinder
  2159 | D:3      | Reached skill level 5 in Long Blades
  2159 | D:3      | Reached skill level 5 in Dodging
  2159 | D:3      | Reached XP level 5. HP: 39/39 MP: 5/5
  2159 | D:3      | Reached XP level 6. HP: 46/46 MP: 6/6
  2263 | D:3      | XOM: summons 3 hostile shadow creatures
  2325 | D:3      | Identified the +5 sling "Ozxuziar" {vorpal, Int+7}
  2467 | D:4      | Reached skill level 6 in Long Blades
  2489 | D:4      | Noticed a water moccasin
  2494 | D:4      | XOM: polymorph endoplasm -> gnoll
  2576 | D:3      | XOM: scenery: create altars
  2581 | D:3      | XOM: potion effect (invisibility)
  2585 | D:3      | Succumbed to a water moccasin's poison

Illustrated notes

Levels and vault maps discovered:
D:1:      amcnicky_arrival_single_pillar, layout_loops_ring,
          minmay_misc_feat_doors
D:2:      wad_pebble_path, layout_basic,
          shapermc_ecumenical_altar_mp_urbaneastern
D:3:      layout_basic, kennysheep_slug_shrine, okawaru_ov_weapons_minmay,
          uniq_grinder, uniq_terence
D:4:      layout_rooms, mainiacjoe_overflow_24_doors, zin_angel,
          nicolae_kikubaaqudgha_miasma_corner, mainiacjoe_overflow_alcove_2,
          nicolae_qazlal_eye_of_the_storm, serial_co_window_serial,
          co_window_paths_a, co_window_corner_a, co_window_paths_a,
          co_window_paths_a, co_window_paths_a, co_window_of_opportunity_a,
          co_window_corner_a, co_window_of_opportunity_c, co_window_broadway_b,
          co_window_2corner, co_window_4corner_a, glass_columns_b,
          glass_columns_b, nicolae_ossuary_entry_monument

Skill      XL: |  1  2  3  4  5  6 |
---------------+-------------------+-----
Dodging        | 3 5 |  5.0
Long Blades    | 4 5 6 |  6.0
Fighting       | |  2.6
Armour         | |  0.7

Action                   |  1- 3 |  4- 6 || total
-------------------------+-------+-------++-------
Melee: Falchion          |   141 |    39 ||   180
       Bite              |    12 |     4 ||    16
       Punch             |     1 |     1 ||     2
 Fire: Sling             |       |    21 ||    21
Throw: Dart              |       |     2 ||     2
Evoke: Wand              |       |     4 ||     4
       Piece from Xom's  |       |     1 ||     1
  Use: Potion            |       |     1 ||     1
 Stab: Sleeping          |     1 |       ||     1
       Petrifying        |     2 |       ||     2
       Invisible         |       |     1 ||     1
Armor: Leather armour    |    57 |    17 ||    74
Dodge: Dodged            |   104 |    52 ||   156
